[ AOE2 MATCH · #479927529 ]
UnrankedKoreans vs Portuguese
[ REPLAY ANALYSIS · EXTRACTED FROM THE RECORDED GAME ]
Feudal
8:55
Castle
22:11
Imperial
39:14
| APM avg | 61.6 |
| APM peak | 99 |
| eAPM avg | 29.6 |
| Villagers / military | 142 / 117 |
Focus
⚔️ 46.9% · 🌾 53.1%
Archer ×115 · Trebuchet (Packed) ×2
Feudal
9:02
Castle
24:01
Imperial
37:03
| APM avg | 45.2 |
| APM peak | 95 |
| eAPM avg | 18.1 |
| Villagers / military | 72 / 134 |
Focus
⚔️ 49.8% · 🌾 50.2%
Archer ×132 · Trebuchet (Packed) ×2
Feudal
8:37
Castle
24:30
Imperial
—
| APM avg | 65.8 |
| APM peak | 110 |
| eAPM avg | 26.2 |
| Villagers / military | 71 / 102 |
Focus
⚔️ 41.2% · 🌾 58.8%
Archer ×101 · Spearman ×1
Feudal
8:34
Castle
22:17
Imperial
—
| APM avg | 61.6 |
| APM peak | 121 |
| eAPM avg | 21.3 |
| Villagers / military | 117 / 98 |
Focus
⚔️ 37.6% · 🌾 62.4%
Knight ×70 · Scout Cavalry ×16 · Camel Scout ×11 · Monk ×1
Feudal
8:59
Castle
23:46
Imperial
41:51
| APM avg | 68.3 |
| APM peak | 150 |
| eAPM avg | 25.6 |
| Villagers / military | 130 / 96 |
Focus
⚔️ 35.6% · 🌾 64.4%
Camel Scout ×84 · Scout Cavalry ×11 · Trebuchet (Packed) ×1
Feudal
8:35
Castle
23:55
Imperial
—
| APM avg | 75.0 |
| APM peak | 119 |
| eAPM avg | 23.1 |
| Villagers / military | 96 / 114 |
Focus
⚔️ 40.1% · 🌾 59.9%
Archer ×103 · Skirmisher ×11
Feudal
8:51
Castle
21:13
Imperial
40:32
| APM avg | 74.7 |
| APM peak | 134 |
| eAPM avg | 31.0 |
| Villagers / military | 156 / 136 |
Focus
⚔️ 47.0% · 🌾 53.0%
Knight ×119 · Scout Cavalry ×11 · Monk ×3 · Trebuchet (Packed) ×3
Feudal
9:20
Castle
23:11
Imperial
—
| APM avg | 72.7 |
| APM peak | 115 |
| eAPM avg | 25.0 |
| Villagers / military | 126 / 90 |
Focus
⚔️ 39.4% · 🌾 60.6%
Knight ×50 · Spearman ×19 · Scout Cavalry ×17 · Monk ×4
Match map
Initial resources + every placement click. Lines = walls · curves = elevation contours. ◆ gold · ⬟ stone · ● berries · ✦ relic · ◌ wall gap
Your base· Open — 4t gap
HR Fast_PIG's base· Open — unwalled flank
kome's base· Open — 5t gap
Velky kanec's base· Open — 8t gap
malth's base· Open — unwalled flank
挨打不还手's base· Open — unwalled flank
blackhouse's base· Open — unwalled flank
수상's base· Open — unwalled flank
Smoothed initial terrain · ◌ = detected wall gap · hover for details
Inputs per minute
— Nyanko - - HR Fast_PIG
Build order — Nyanko
First 150 of 402 actions detected
| 0:00 | Queue | Villager (Male) |
| 0:00 | Queue | Villager (Male) |
| 0:01 | Queue | Villager (Male) |
| 0:01 | Queue | Villager (Male) |
| 0:01 | Queue | Villager (Male) |
| 0:02 | Build | House |
| 0:04 | Build | House |
| 1:25 | Queue | Villager (Male) |
| 1:59 | Build | Lumber Camp |
| 2:05 | Queue | Villager (Male) |
| 2:18 | Queue | Villager (Male) |
| 2:18 | Queue | Villager (Male) |
| 2:51 | Queue | Villager (Male) |
| 2:56 | Queue | Villager (Male) |
| 2:56 | Queue | Villager (Male) |
| 3:41 | Build | Palisade Wall |
| 3:43 | Build | Palisade Wall |
| 3:45 | Build | Palisade Wall |
| 3:47 | Build | Palisade Wall |
| 3:50 | Queue | Villager (Male) |
| 3:56 | Build | House |
| 4:12 | Queue | Villager (Male) |
| 4:15 | Queue | Villager (Male) |
| 4:28 | Build | Palisade Wall |
| 4:35 | Queue | Villager (Male) |
| 4:48 | Build | Mining Camp |
| 4:56 | Build | Mining Camp |
| 5:07 | Queue | Villager (Male) |
| 5:19 | Queue | Villager (Male) |
| 5:34 | Queue | Villager (Male) |
| 5:55 | Research | Loom |
| 6:22 | Build | House |
| 6:40 | Research | Feudal Age |
| 7:34 | Build | Barracks |
| 8:52 | Queue | Villager (Male) |
| 8:55 | Age | Feudal Age |
| 9:00 | Build | Archery Range |
| 9:02 | Build | Archery Range |
| 9:12 | Research | Double-Bit Axe |
| 9:26 | Queue | Villager (Male) |
| 9:26 | Queue | Villager (Male) |
| 9:33 | Build | House |
| 9:50 | Build | House |
| 9:54 | Build | House |
| 10:02 | Queue | Archer |
| 10:02 | Queue | Archer |
| 10:11 | Build | Blacksmith |
| 10:12 | Build | Palisade Wall |
| 10:20 | Queue | Villager (Male) |
| 10:31 | Build | Palisade Wall |
| 10:32 | Build | Palisade Wall |
| 10:33 | Build | Palisade Wall |
| 10:37 | Queue | Archer |
| 10:37 | Queue | Archer |
| 10:47 | Queue | Villager (Male) |
| 11:00 | Build | Mill |
| 11:03 | Queue | Archer |
| 11:03 | Queue | Archer |
| 11:23 | Queue | Villager (Male) |
| 11:48 | Research | Fletching |
| 12:02 | Queue | Archer |
| 12:02 | Queue | Archer |
| 12:13 | Queue | Archer |
| 12:14 | Queue | Archer |
| 12:27 | Queue | Villager (Male) |
| 12:28 | Queue | Villager (Male) |
| 12:31 | Build | Farm |
| 12:32 | Build | Farm |
| 13:17 | Queue | Villager (Male) |
| 13:29 | Queue | Archer |
| 13:29 | Queue | Archer |
| 13:33 | Build | Farm |
| 13:34 | Build | Farm |
| 13:35 | Queue | Villager (Male) |
| 13:37 | Build | House |
| 13:39 | Build | Farm |
| 14:00 | Queue | Archer |
| 14:00 | Queue | Archer |
| 14:06 | Queue | Villager (Male) |
| 14:09 | Build | Farm |
| 14:09 | Build | Farm |
| 14:21 | Build | Farm |
| 14:25 | Build | Palisade Wall |
| 14:28 | Build | Palisade Gate |
| 14:35 | Queue | Archer |
| 14:35 | Queue | Archer |
| 14:36 | Queue | Villager (Male) |
| 14:38 | Build | Farm |
| 15:01 | Queue | Villager (Male) |
| 15:02 | Build | Farm |
| 15:04 | Build | Farm |
| 15:05 | Build | House |
| 15:08 | Queue | Villager (Male) |
| 16:20 | Queue | Villager (Male) |
| 16:21 | Queue | Villager (Male) |
| 16:22 | Queue | Archer |
| 16:22 | Queue | Archer |
| 16:31 | Queue | Villager (Male) |
| 16:57 | Queue | Villager (Male) |
| 17:10 | Queue | Villager (Male) |
| 17:11 | Queue | Archer |
| 17:11 | Queue | Archer |
| 17:18 | Queue | Villager (Male) |
| 17:20 | Build | Lumber Camp |
| 17:23 | Build | Market |
| 17:28 | Build | Market |
| 17:38 | Queue | Villager (Male) |
| 17:39 | Build | House |
| 17:43 | Queue | Villager (Male) |
| 17:47 | Build | House |
| 17:48 | Build | House |
| 18:12 | Queue | Archer |
| 18:12 | Queue | Archer |
| 19:31 | Research | Castle Age |
| 19:56 | Queue | Villager (Male) |
| 19:57 | Queue | Archer |
| 19:58 | Queue | Archer |
| 19:59 | Build | Archery Range |
| 20:04 | Research | Gold Mining |
| 20:09 | Build | Lumber Camp |
| 20:17 | Build | House |
| 20:20 | Queue | Archer |
| 20:20 | Queue | Archer |
| 20:36 | Queue | Archer |
| 20:36 | Queue | Archer |
| 20:39 | Queue | Villager (Male) |
| 21:01 | Queue | Villager (Male) |
| 21:05 | Build | House |
| 21:07 | Queue | Archer |
| 21:07 | Queue | Archer |
| 21:07 | Queue | Archer |
| 21:11 | Queue | Villager (Male) |
| 21:48 | Queue | Archer |
| 21:48 | Queue | Archer |
| 22:06 | Build | Palisade Wall |
| 22:11 | Age | Castle Age |
| 22:13 | Research | Crossbowman (upgrade) |
| 22:17 | Research | Bodkin Arrow |
| 22:35 | Queue | Villager (Male) |
| 22:37 | Queue | Archer |
| 22:37 | Queue | Archer |
| 22:38 | Queue | Villager (Male) |
| 22:52 | Queue | Villager (Male) |
| 22:57 | Build | Town Center |
| 23:02 | Queue | Archer |
| 23:10 | Build | University |
| 23:15 | Queue | Villager (Male) |
| 23:17 | Queue | Archer |
| 23:17 | Queue | Archer |
| 23:20 | Queue | Villager (Male) |
Build order — HR Fast_PIG
First 150 of 325 actions detected
| 0:04 | Queue | Villager (Male) ×4 |
| 0:05 | Queue | Villager (Male) ×4 |
| 0:06 | Build | House |
| 0:08 | Build | House |
| 1:41 | Queue | Villager (Male) |
| 1:41 | Queue | Villager (Male) |
| 2:00 | Queue | Villager (Male) |
| 2:01 | Queue | Villager (Male) |
| 2:24 | Build | Lumber Camp |
| 2:32 | Queue | Villager (Male) |
| 2:57 | Queue | Villager (Male) |
| 2:58 | Queue | Villager (Male) |
| 2:58 | Queue | Villager (Male) |
| 3:11 | Build | House |
| 3:21 | Queue | Villager (Male) |
| 3:21 | Queue | Villager (Male) |
| 3:44 | Build | Palisade Wall |
| 3:44 | Build | Palisade Wall |
| 3:55 | Queue | Villager (Male) |
| 4:16 | Queue | Villager (Male) |
| 4:16 | Queue | Villager (Male) |
| 4:36 | Build | Palisade Wall |
| 4:41 | Queue | Villager (Male) |
| 5:06 | Build | Mill |
| 5:28 | Queue | Villager (Male) |
| 5:50 | Research | Loom |
| 6:19 | Queue | Villager (Male) |
| 6:52 | Research | Feudal Age |
| 6:53 | Research | Feudal Age |
| 7:14 | Build | Barracks |
| 7:37 | Build | House |
| 8:02 | Build | House |
| 8:14 | Build | Mining Camp |
| 9:02 | Age | Feudal Age |
| 9:10 | Build | Watch Tower |
| 9:10 | Queue | Villager (Male) |
| 9:16 | Build | Archery Range |
| 9:26 | Queue | Villager (Male) |
| 9:45 | Build | Farm |
| 9:49 | Build | Farm |
| 10:08 | Queue | Archer |
| 10:17 | Queue | Villager (Male) |
| 10:37 | Queue | Archer |
| 10:41 | Build | Blacksmith |
| 10:50 | Queue | Villager (Male) |
| 11:05 | Build | House |
| 11:15 | Build | House |
| 11:22 | Queue | Villager (Male) |
| 11:27 | Build | Lumber Camp |
| 11:35 | Queue | Villager (Male) |
| 11:40 | Queue | Archer |
| 11:47 | Build | House |
| 12:18 | Queue | Archer |
| 12:24 | Queue | Villager (Male) |
| 12:33 | Build | Archery Range |
| 12:43 | Queue | Villager (Male) |
| 12:47 | Queue | Archer |
| 12:53 | Queue | Villager (Male) |
| 13:02 | Queue | Archer |
| 13:14 | Build | House |
| 13:27 | Queue | Archer |
| 13:49 | Queue | Archer |
| 13:52 | Queue | Villager (Male) |
| 13:53 | Queue | Villager (Male) |
| 13:58 | Build | Farm |
| 14:00 | Build | Farm |
| 14:01 | Build | Farm |
| 14:06 | Queue | Archer |
| 14:18 | Research | Fletching |
| 14:19 | Research | Fletching |
| 14:30 | Build | House |
| 14:32 | Build | Palisade Wall |
| 14:38 | Build | House |
| 14:45 | Build | House |
| 14:47 | Queue | Archer |
| 14:47 | Queue | Archer |
| 14:53 | Queue | Villager (Male) |
| 14:58 | Build | House |
| 15:09 | Queue | Archer |
| 15:26 | Build | Farm |
| 15:29 | Queue | Archer |
| 15:41 | Queue | Archer |
| 15:43 | Queue | Villager (Male) |
| 15:45 | Build | Farm |
| 15:47 | Build | Farm |
| 15:52 | Build | Farm |
| 15:56 | Build | Farm |
| 15:59 | Queue | Villager (Male) |
| 16:21 | Queue | Archer |
| 16:26 | Queue | Villager (Male) |
| 16:29 | Queue | Archer |
| 16:34 | Build | Palisade Gate |
| 16:40 | Queue | Archer |
| 16:45 | Build | Farm |
| 16:45 | Build | Farm |
| 16:50 | Queue | Archer |
| 16:54 | Queue | Villager (Male) |
| 17:00 | Queue | Archer |
| 17:28 | Queue | Archer |
| 17:41 | Queue | Archer |
| 17:43 | Queue | Villager (Male) |
| 17:51 | Queue | Archer |
| 17:55 | Queue | Archer |
| 18:03 | Queue | Archer |
| 18:06 | Queue | Villager (Male) |
| 18:13 | Queue | Villager (Male) |
| 18:16 | Build | Archery Range |
| 18:20 | Queue | Villager (Male) |
| 18:22 | Build | Farm |
| 18:23 | Build | Farm |
| 18:24 | Build | Farm |
| 18:37 | Build | Farm |
| 18:38 | Build | Farm |
| 18:38 | Build | Farm |
| 18:54 | Queue | Villager (Male) |
| 19:33 | Build | House |
| 19:45 | Build | Farm |
| 19:48 | Build | Farm |
| 19:49 | Queue | Villager (Male) |
| 19:53 | Queue | Archer |
| 19:53 | Queue | Archer |
| 19:59 | Queue | Archer |
| 19:59 | Queue | Archer |
| 20:02 | Queue | Villager (Male) |
| 20:06 | Queue | Archer |
| 20:50 | Queue | Archer |
| 20:51 | Queue | Villager (Male) |
| 21:21 | Research | Castle Age |
| 21:23 | Queue | Archer |
| 21:24 | Queue | Archer |
| 21:24 | Queue | Archer |
| 21:24 | Queue | Archer |
| 21:39 | Build | Lumber Camp |
| 22:03 | Research | Double-Bit Axe |
| 22:03 | Research | Double-Bit Axe |
| 22:05 | Build | House |
| 22:06 | Build | House |
| 22:14 | Queue | Archer |
| 22:14 | Queue | Archer |
| 22:16 | Queue | Archer |
| 23:02 | Queue | Archer |
| 23:02 | Queue | Archer |
| 23:08 | Queue | Archer |
| 23:08 | Queue | Archer |
| 23:13 | Research | Gold Mining |
| 24:01 | Age | Castle Age |
| 24:04 | Research | Crossbowman (upgrade) |
| 24:05 | Research | Bodkin Arrow |
| 24:05 | Research | Bodkin Arrow |
| 24:11 | Queue | Archer |
Build order — kome
First 150 of 285 actions detected
| 0:00 | Queue | Villager (Male) |
| 0:01 | Queue | Villager (Male) |
| 0:01 | Queue | Villager (Male) |
| 0:03 | Build | House |
| 0:04 | Build | House |
| 0:07 | Build | House |
| 0:07 | Queue | Villager (Male) |
| 1:10 | Queue | Villager (Male) |
| 1:10 | Queue | Villager (Male) |
| 1:49 | Queue | Villager (Male) |
| 1:50 | Queue | Villager (Male) |
| 1:53 | Build | Settlement |
| 2:37 | Queue | Villager (Male) |
| 2:58 | Queue | Villager (Male) |
| 2:58 | Queue | Villager (Male) |
| 3:23 | Queue | Villager (Male) |
| 3:56 | Queue | Villager (Male) |
| 4:20 | Queue | Villager (Male) |
| 4:38 | Queue | Villager (Male) |
| 4:53 | Queue | Villager (Male) |
| 4:56 | Queue | Villager (Male) |
| 5:05 | Queue | Villager (Male) |
| 5:16 | Build | Settlement |
| 5:30 | Research | Loom |
| 6:27 | Research | Feudal Age |
| 7:20 | Build | Barracks |
| 7:38 | Queue | Villager (Male) |
| 8:16 | Build | House |
| 8:37 | Age | Feudal Age |
| 8:49 | Build | Archery Range |
| 8:53 | Build | Archery Range |
| 8:59 | Queue | Spearman |
| 9:05 | Build | Archery Range |
| 9:14 | Queue | Villager (Male) |
| 9:47 | Queue | Archer |
| 9:47 | Queue | Archer |
| 9:50 | Build | Blacksmith |
| 9:59 | Queue | Villager (Male) |
| 10:04 | Queue | Archer |
| 10:06 | Build | Palisade Wall |
| 10:20 | Queue | Archer |
| 10:30 | Queue | Archer |
| 10:32 | Queue | Villager (Male) |
| 10:39 | Build | Palisade Wall |
| 10:42 | Build | House |
| 10:43 | Build | Palisade Wall |
| 10:52 | Queue | Archer |
| 11:10 | Build | Farm |
| 11:13 | Queue | Villager (Male) |
| 11:16 | Build | House |
| 11:26 | Queue | Archer |
| 11:37 | Build | Farm |
| 11:55 | Build | House |
| 12:06 | Build | House |
| 12:21 | Research | Fletching |
| 12:24 | Build | House |
| 12:31 | Queue | Villager (Male) |
| 12:47 | Queue | Villager (Male) |
| 12:53 | Queue | Archer |
| 13:17 | Queue | Villager (Male) |
| 13:20 | Build | House |
| 13:24 | Queue | Archer |
| 13:30 | Build | Settlement |
| 13:53 | Build | House |
| 13:56 | Queue | Archer |
| 14:02 | Queue | Villager (Male) |
| 14:04 | Build | Farm |
| 14:14 | Queue | Archer |
| 14:18 | Queue | Villager (Male) |
| 14:33 | Build | House |
| 14:37 | Queue | Villager (Male) |
| 14:43 | Queue | Archer |
| 14:57 | Build | Palisade Wall |
| 15:02 | Build | House |
| 15:03 | Build | Palisade Wall |
| 15:06 | Build | Palisade Wall |
| 15:16 | Queue | Villager (Male) |
| 15:18 | Build | Farm |
| 15:22 | Queue | Archer |
| 15:40 | Build | Palisade Wall |
| 15:46 | Build | Farm |
| 15:48 | Queue | Archer |
| 15:50 | Queue | Villager (Male) |
| 16:11 | Queue | Archer |
| 16:20 | Build | House |
| 16:25 | Build | House |
| 16:42 | Queue | Villager (Male) |
| 16:44 | Queue | Archer |
| 16:48 | Queue | Archer |
| 16:57 | Queue | Villager (Male) |
| 16:58 | Queue | Archer |
| 17:01 | Build | Farm |
| 17:03 | Build | Farm |
| 17:03 | Build | Farm |
| 17:03 | Build | Farm |
| 17:04 | Build | Farm |
| 17:04 | Queue | Villager (Male) |
| 17:12 | Queue | Archer |
| 17:36 | Queue | Archer |
| 17:37 | Queue | Villager (Male) |
| 17:40 | Build | Farm |
| 18:15 | Queue | Villager (Male) |
| 18:16 | Queue | Archer |
| 18:19 | Queue | Archer |
| 18:24 | Build | Farm |
| 18:26 | Build | Farm |
| 18:35 | Queue | Archer |
| 18:47 | Research | Double-Bit Axe |
| 18:48 | Research | Double-Bit Axe |
| 18:53 | Build | Palisade Gate |
| 19:04 | Build | Palisade Wall |
| 19:24 | Build | Palisade Wall |
| 19:28 | Build | Palisade Wall |
| 19:29 | Build | Palisade Wall |
| 19:31 | Build | Palisade Wall |
| 19:33 | Build | Palisade Wall |
| 19:39 | Queue | Villager (Male) |
| 19:44 | Build | Settlement |
| 20:09 | Build | Palisade Wall |
| 20:20 | Queue | Villager (Male) |
| 20:40 | Queue | Villager (Male) |
| 20:51 | Queue | Archer |
| 20:53 | Queue | Archer |
| 21:13 | Build | Farm |
| 21:26 | Build | Market |
| 21:36 | Build | Farm |
| 21:50 | Research | Castle Age |
| 22:19 | Build | House |
| 23:00 | Research | Padded Archer Armor |
| 23:03 | Build | Farm |
| 23:04 | Build | Farm |
| 23:06 | Queue | Archer |
| 23:08 | Queue | Archer |
| 23:10 | Queue | Archer |
| 23:17 | Build | Archery Range |
| 23:18 | Queue | Archer |
| 23:33 | Build | House |
| 23:37 | Queue | Archer |
| 23:41 | Build | Farm |
| 23:41 | Build | Farm |
| 23:47 | Build | Palisade Wall |
| 24:04 | Build | Palisade Wall |
| 24:30 | Age | Castle Age |
| 24:33 | Research | Crossbowman (upgrade) |
| 24:34 | Research | Bodkin Arrow |
| 24:36 | Queue | Archer |
| 24:36 | Queue | Archer |
| 24:36 | Queue | Archer |
| 24:36 | Queue | Archer |
| 24:44 | Queue | Archer |
Build order — Velky kanec
First 150 of 373 actions detected
| 0:01 | Queue | Villager (Male) |
| 0:01 | Queue | Villager (Male) |
| 0:03 | Build | House |
| 0:08 | Build | House |
| 0:20 | Queue | Villager (Male) |
| 0:20 | Queue | Villager (Male) |
| 0:21 | Queue | Villager (Male) |
| 1:29 | Queue | Villager (Male) |
| 1:30 | Queue | Villager (Male) |
| 1:53 | Queue | Villager (Male) |
| 2:07 | Queue | Villager (Male) |
| 2:08 | Queue | Villager (Male) |
| 2:31 | Queue | Villager (Male) |
| 2:35 | Build | Lumber Camp |
| 2:48 | Queue | Villager (Male) |
| 2:48 | Queue | Villager (Male) |
| 3:26 | Queue | Villager (Male) |
| 3:26 | Queue | Villager (Male) |
| 3:50 | Build | House |
| 3:51 | Build | House |
| 3:57 | Queue | Villager (Male) |
| 3:57 | Queue | Villager (Male) |
| 4:34 | Queue | Villager (Male) |
| 4:34 | Queue | Villager (Male) |
| 4:53 | Queue | Villager (Male) |
| 4:53 | Queue | Villager (Male) |
| 5:12 | Build | Mill |
| 5:38 | Queue | Villager (Male) |
| 5:38 | Queue | Villager (Male) |
| 6:24 | Research | Feudal Age |
| 6:25 | Research | Feudal Age |
| 7:34 | Build | Barracks |
| 8:20 | Queue | Villager (Male) |
| 8:21 | Research | Loom |
| 8:34 | Age | Feudal Age |
| 8:36 | Build | Stable |
| 8:40 | Build | House |
| 8:51 | Research | Double-Bit Axe |
| 8:51 | Research | Double-Bit Axe |
| 9:20 | Queue | Villager (Male) |
| 9:27 | Queue | Scout Cavalry |
| 9:31 | Build | Palisade Gate |
| 9:38 | Queue | Villager (Male) |
| 9:41 | Queue | Scout Cavalry |
| 9:48 | Research | Horse Collar |
| 9:57 | Build | House |
| 10:00 | Queue | Villager (Male) |
| 10:04 | Build | Farm |
| 10:11 | Queue | Scout Cavalry |
| 10:17 | Build | Farm |
| 10:25 | Queue | Villager (Male) |
| 10:43 | Build | Farm |
| 10:54 | Queue | Scout Cavalry |
| 10:58 | Queue | Villager (Male) |
| 11:03 | Build | House |
| 11:14 | Queue | Villager (Male) |
| 11:17 | Build | Farm |
| 11:23 | Queue | Scout Cavalry |
| 11:32 | Build | Farm |
| 11:41 | Build | House |
| 12:03 | Queue | Scout Cavalry |
| 12:04 | Queue | Villager (Male) |
| 12:18 | Queue | Villager (Male) |
| 12:20 | Build | Farm |
| 12:21 | Build | Farm |
| 12:23 | Build | Farm |
| 12:37 | Queue | Scout Cavalry |
| 12:38 | Queue | Villager (Male) |
| 12:41 | Queue | Villager (Male) |
| 12:44 | Build | House |
| 12:54 | Build | Farm |
| 13:11 | Queue | Scout Cavalry |
| 13:31 | Build | Lumber Camp |
| 13:38 | Queue | Scout Cavalry |
| 13:39 | Queue | Villager (Male) |
| 13:51 | Queue | Villager (Male) |
| 13:55 | Build | Farm |
| 14:06 | Build | House |
| 14:11 | Queue | Scout Cavalry |
| 14:16 | Build | House |
| 14:25 | Queue | Villager (Male) |
| 14:40 | Queue | Scout Cavalry |
| 14:51 | Build | Blacksmith |
| 15:07 | Queue | Villager (Male) |
| 15:08 | Queue | Scout Cavalry |
| 15:24 | Queue | Villager (Male) |
| 15:28 | Build | Mining Camp |
| 15:32 | Research | Scale Barding Armor |
| 15:34 | Build | House |
| 15:36 | Build | Palisade Wall |
| 15:50 | Build | Farm |
| 15:51 | Build | Farm |
| 15:52 | Build | Farm |
| 15:52 | Build | Farm |
| 15:52 | Build | Farm |
| 16:02 | Queue | Villager (Male) |
| 16:08 | Build | Farm |
| 16:19 | Build | Farm |
| 16:35 | Queue | Villager (Male) |
| 16:41 | Build | Farm |
| 17:03 | Build | House |
| 17:08 | Research | Bloodlines |
| 17:08 | Research | Bloodlines |
| 17:10 | Queue | Villager (Male) |
| 17:30 | Queue | Villager (Male) |
| 17:37 | Queue | Villager (Male) |
| 17:48 | Queue | Villager (Male) |
| 17:51 | Build | House |
| 17:57 | Queue | Villager (Male) |
| 18:19 | Build | Market |
| 18:34 | Build | Farm |
| 18:56 | Build | Farm |
| 18:59 | Build | Farm |
| 19:08 | Build | House |
| 19:23 | Build | House |
| 19:24 | Build | House |
| 19:37 | Research | Castle Age |
| 19:44 | Build | Farm |
| 20:06 | Queue | Scout Cavalry |
| 20:09 | Build | Stable |
| 20:23 | Queue | Scout Cavalry |
| 20:28 | Build | Stable |
| 20:29 | Research | Gold Mining |
| 20:35 | Queue | Scout Cavalry |
| 20:46 | Build | House |
| 20:59 | Research | Forging |
| 20:59 | Research | Forging |
| 21:21 | Queue | Scout Cavalry |
| 21:40 | Build | Palisade Wall |
| 22:05 | Build | House |
| 22:06 | Research | Wheelbarrow |
| 22:17 | Age | Castle Age |
| 22:19 | Research | Light Cavalry (upgrade) |
| 22:31 | Queue | Knight |
| 22:38 | Queue | Villager (Male) |
| 22:39 | Queue | Knight |
| 22:54 | Research | Chain Barding Armor |
| 23:09 | Queue | Knight |
| 23:10 | Queue | Villager (Male) |
| 23:13 | Queue | Villager (Male) |
| 23:30 | Queue | Knight |
| 23:30 | Queue | Knight |
| 24:08 | Queue | Knight |
| 24:08 | Queue | Knight |
| 24:30 | Queue | Camel Scout |
| 24:30 | Queue | Camel Scout |
| 24:42 | Queue | Camel Scout |
| 24:43 | Queue | Camel Scout |
| 24:47 | Queue | Villager (Male) |
| 24:47 | Queue | Villager (Male) |
Build order — malth
First 150 of 404 actions detected
| 0:01 | Queue | Villager (Male) |
| 0:01 | Queue | Villager (Male) |
| 0:02 | Build | House |
| 0:04 | Build | House |
| 0:28 | Queue | Villager (Male) |
| 0:28 | Queue | Villager (Male) |
| 1:25 | Queue | Villager (Male) |
| 1:26 | Queue | Villager (Male) |
| 1:46 | Build | Lumber Camp |
| 2:03 | Queue | Villager (Male) |
| 2:03 | Queue | Villager (Male) |
| 2:28 | Queue | Villager (Male) |
| 2:28 | Queue | Villager (Male) |
| 2:36 | Build | House |
| 2:53 | Queue | Villager (Male) |
| 2:53 | Queue | Villager (Male) |
| 3:05 | Queue | Villager (Male) |
| 3:05 | Queue | Villager (Male) |
| 3:42 | Queue | Villager (Male) |
| 3:42 | Queue | Villager (Male) |
| 4:01 | Build | House |
| 4:02 | Build | House |
| 4:12 | Queue | Villager (Male) |
| 4:13 | Queue | Villager (Male) |
| 4:13 | Queue | Villager (Male) |
| 4:53 | Queue | Villager (Male) |
| 4:53 | Queue | Villager (Male) |
| 4:53 | Queue | Villager (Male) |
| 5:34 | Build | Mill |
| 5:42 | Research | Loom |
| 6:49 | Research | Feudal Age |
| 6:49 | Research | Feudal Age |
| 7:23 | Build | Barracks |
| 7:26 | Queue | Villager (Male) |
| 7:26 | Queue | Villager (Male) |
| 7:26 | Queue | Villager (Male) |
| 7:26 | Queue | Villager (Male) |
| 7:47 | Build | House |
| 8:30 | Build | Palisade Wall |
| 8:35 | Build | Palisade Wall |
| 8:37 | Build | Palisade Wall |
| 8:59 | Age | Feudal Age |
| 9:09 | Build | Stable |
| 9:16 | Research | Double-Bit Axe |
| 9:46 | Build | Palisade Wall |
| 9:49 | Build | Palisade Wall |
| 9:56 | Queue | Scout Cavalry |
| 9:56 | Queue | Scout Cavalry |
| 10:00 | Queue | Villager (Male) |
| 10:06 | Research | Horse Collar |
| 10:06 | Research | Horse Collar |
| 10:15 | Queue | Scout Cavalry |
| 10:31 | Queue | Scout Cavalry |
| 10:33 | Queue | Villager (Male) |
| 10:45 | Build | House |
| 11:23 | Queue | Villager (Male) |
| 11:23 | Queue | Villager (Male) |
| 11:25 | Build | Farm |
| 11:26 | Build | Farm |
| 11:26 | Build | Farm |
| 11:27 | Build | Farm |
| 11:27 | Build | Farm |
| 11:29 | Build | House |
| 11:38 | Build | Palisade Wall |
| 11:57 | Build | Palisade Wall |
| 11:58 | Build | Palisade Wall |
| 12:00 | Build | Palisade Wall |
| 12:06 | Queue | Scout Cavalry |
| 12:06 | Queue | Scout Cavalry |
| 12:11 | Build | Farm |
| 12:21 | Queue | Villager (Male) |
| 12:21 | Queue | Villager (Male) |
| 12:44 | Queue | Villager (Male) |
| 12:44 | Queue | Villager (Male) |
| 12:52 | Queue | Villager (Male) |
| 12:52 | Queue | Villager (Male) |
| 13:18 | Queue | Villager (Male) |
| 13:22 | Build | Farm |
| 13:23 | Build | Farm |
| 13:26 | Build | Farm |
| 13:31 | Queue | Villager (Male) |
| 13:32 | Queue | Villager (Male) |
| 13:38 | Build | Lumber Camp |
| 13:50 | Queue | Villager (Male) |
| 13:50 | Queue | Villager (Male) |
| 13:55 | Build | House |
| 13:56 | Build | House |
| 14:00 | Build | Farm |
| 14:31 | Queue | Villager (Male) |
| 14:32 | Queue | Scout Cavalry |
| 14:36 | Build | Palisade Wall |
| 14:52 | Build | Mining Camp |
| 15:02 | Build | Palisade Wall |
| 15:03 | Build | Palisade Wall |
| 15:09 | Build | Palisade Gate |
| 15:23 | Queue | Villager (Male) |
| 15:24 | Queue | Villager (Male) |
| 15:28 | Build | Farm |
| 15:29 | Build | Farm |
| 15:35 | Build | Farm |
| 15:39 | Build | Farm |
| 15:39 | Queue | Villager (Male) |
| 15:45 | Build | Farm |
| 15:46 | Build | Farm |
| 16:19 | Queue | Villager (Male) |
| 16:23 | Build | Farm |
| 16:42 | Queue | Scout Cavalry |
| 16:43 | Queue | Scout Cavalry |
| 16:48 | Build | Blacksmith |
| 16:53 | Build | Lumber Camp |
| 17:00 | Research | Bloodlines |
| 17:09 | Queue | Scout Cavalry |
| 17:09 | Queue | Scout Cavalry |
| 17:12 | Queue | Villager (Male) |
| 17:32 | Queue | Villager (Male) |
| 18:06 | Queue | Villager (Male) |
| 18:06 | Queue | Villager (Male) |
| 18:07 | Queue | Villager (Male) |
| 18:09 | Build | Farm |
| 18:10 | Build | Farm |
| 18:10 | Build | Farm |
| 18:10 | Build | Farm |
| 18:23 | Research | Scale Barding Armor |
| 18:28 | Queue | Villager (Male) |
| 18:34 | Build | Farm |
| 18:35 | Build | Farm |
| 18:35 | Build | Farm |
| 18:35 | Build | Farm |
| 18:35 | Build | Farm |
| 18:41 | Queue | Villager (Male) |
| 18:58 | Queue | Villager (Male) |
| 19:03 | Build | House |
| 19:04 | Build | House |
| 19:04 | Build | House |
| 19:04 | Build | House |
| 19:05 | Build | House |
| 19:05 | Build | House |
| 19:25 | Queue | Villager (Male) |
| 19:46 | Build | Farm |
| 19:47 | Build | Farm |
| 19:57 | Build | Market |
| 20:09 | Queue | Villager (Male) |
| 21:06 | Research | Castle Age |
| 21:06 | Research | Castle Age |
| 21:10 | Queue | Villager (Male) |
| 21:14 | Build | Stable |
| 21:24 | Queue | Villager (Male) |
| 21:25 | Queue | Villager (Male) |
| 21:30 | Research | Gold Mining |
| 21:30 | Research | Gold Mining |
Build order — 挨打不还手
First 150 of 314 actions detected
| 0:02 | Queue | Villager (Male) |
| 0:02 | Queue | Villager (Male) |
| 0:02 | Queue | Villager (Male) |
| 0:03 | Queue | Villager (Male) |
| 0:05 | Build | House |
| 0:08 | Build | House |
| 1:34 | Queue | Villager (Male) |
| 1:34 | Queue | Villager (Male) |
| 1:54 | Build | Lumber Camp |
| 2:08 | Queue | Villager (Male) |
| 2:08 | Queue | Villager (Male) |
| 2:31 | Queue | Villager (Male) |
| 2:31 | Queue | Villager (Male) |
| 2:32 | Queue | Villager (Male) |
| 2:52 | Queue | Villager (Male) |
| 2:52 | Queue | Villager (Male) |
| 3:08 | Queue | Villager (Male) |
| 3:09 | Queue | Villager (Male) |
| 3:48 | Queue | Villager (Male) |
| 3:50 | Queue | Villager (Male) |
| 3:50 | Queue | Villager (Male) |
| 3:51 | Queue | Villager (Male) |
| 3:54 | Build | House |
| 4:22 | Build | Palisade Wall |
| 4:23 | Build | Palisade Wall |
| 4:34 | Queue | Villager (Male) |
| 4:34 | Queue | Villager (Male) |
| 4:34 | Queue | Villager (Male) |
| 4:58 | Build | Palisade Wall |
| 5:23 | Queue | Villager (Male) |
| 5:23 | Queue | Villager (Male) |
| 5:23 | Queue | Villager (Male) |
| 5:58 | Build | House |
| 6:06 | Queue | Villager (Male) |
| 6:07 | Queue | Villager (Male) |
| 6:07 | Queue | Villager (Male) |
| 6:35 | Build | Mill |
| 7:17 | Research | Feudal Age |
| 7:17 | Research | Feudal Age |
| 7:40 | Build | Mining Camp |
| 7:59 | Build | Barracks |
| 8:23 | Queue | Villager (Male) |
| 8:31 | Research | Loom |
| 8:35 | Age | Feudal Age |
| 8:52 | Queue | Villager (Male) |
| 9:11 | Build | Archery Range |
| 9:17 | Research | Double-Bit Axe |
| 9:18 | Research | Double-Bit Axe |
| 9:18 | Research | Double-Bit Axe |
| 9:19 | Queue | Villager (Male) |
| 9:19 | Queue | Villager (Male) |
| 9:19 | Queue | Villager (Male) |
| 9:32 | Build | House |
| 9:36 | Queue | Villager (Male) |
| 9:49 | Build | House |
| 9:52 | Build | Palisade Wall |
| 9:54 | Build | Palisade Wall |
| 9:55 | Build | Palisade Wall |
| 10:00 | Queue | Archer |
| 10:27 | Build | Archery Range |
| 10:40 | Queue | Archer |
| 10:47 | Build | Palisade Wall |
| 10:49 | Build | Palisade Wall |
| 10:54 | Queue | Archer |
| 11:00 | Queue | Villager (Male) |
| 11:04 | Queue | Archer |
| 11:16 | Build | House |
| 11:22 | Queue | Archer |
| 11:26 | Queue | Villager (Male) |
| 11:49 | Queue | Villager (Male) |
| 11:56 | Build | Blacksmith |
| 12:12 | Queue | Villager (Male) |
| 12:16 | Queue | Archer |
| 12:17 | Queue | Archer |
| 12:24 | Queue | Archer |
| 12:26 | Queue | Villager (Male) |
| 12:46 | Build | Watch Tower |
| 13:12 | Queue | Villager (Male) |
| 13:15 | Queue | Archer |
| 13:34 | Queue | Villager (Male) |
| 13:43 | Build | House |
| 13:43 | Build | Palisade Wall |
| 14:06 | Queue | Villager (Male) |
| 14:22 | Research | Fletching |
| 14:22 | Research | Fletching |
| 14:23 | Queue | Villager (Male) |
| 14:29 | Build | House |
| 14:46 | Build | Farm |
| 14:46 | Build | Farm |
| 14:48 | Build | Farm |
| 14:51 | Queue | Archer |
| 14:52 | Queue | Archer |
| 14:54 | Queue | Villager (Male) |
| 14:54 | Queue | Villager (Male) |
| 14:54 | Queue | Villager (Male) |
| 15:00 | Build | Farm |
| 15:05 | Build | House |
| 15:07 | Queue | Archer |
| 15:07 | Queue | Archer |
| 15:21 | Build | House |
| 15:26 | Queue | Archer |
| 15:26 | Queue | Archer |
| 15:27 | Queue | Archer |
| 15:37 | Queue | Villager (Male) |
| 15:37 | Queue | Villager (Male) |
| 15:41 | Build | Farm |
| 15:41 | Build | Farm |
| 16:16 | Queue | Villager (Male) |
| 16:21 | Queue | Archer |
| 16:21 | Queue | Archer |
| 16:31 | Build | Archery Range |
| 16:35 | Queue | Archer |
| 16:40 | Queue | Villager (Male) |
| 17:03 | Build | House |
| 17:07 | Queue | Villager (Male) |
| 17:13 | Build | Mining Camp |
| 17:16 | Queue | Archer |
| 17:16 | Queue | Archer |
| 17:21 | Queue | Villager (Male) |
| 17:32 | Research | Padded Archer Armor |
| 17:32 | Research | Padded Archer Armor |
| 17:39 | Build | Farm |
| 17:39 | Build | Farm |
| 17:39 | Build | Farm |
| 17:39 | Build | Farm |
| 17:39 | Build | Farm |
| 17:40 | Build | Farm |
| 17:49 | Queue | Villager (Male) |
| 17:49 | Queue | Villager (Male) |
| 17:49 | Queue | Villager (Male) |
| 18:05 | Queue | Archer |
| 18:05 | Queue | Archer |
| 18:05 | Queue | Archer |
| 18:30 | Build | Farm |
| 18:30 | Queue | Villager (Male) |
| 18:31 | Queue | Archer |
| 18:32 | Queue | Archer |
| 18:32 | Queue | Archer |
| 19:13 | Queue | Villager (Male) |
| 19:26 | Queue | Villager (Male) |
| 19:53 | Queue | Villager (Male) |
| 19:55 | Queue | Archer |
| 19:55 | Queue | Archer |
| 19:55 | Queue | Archer |
| 19:56 | Queue | Archer |
| 19:57 | Queue | Archer |
| 19:57 | Queue | Archer |
| 20:03 | Queue | Villager (Male) |
| 20:08 | Build | Palisade Wall |
| 20:09 | Build | Palisade Wall |
Build order — blackhouse
First 150 of 457 actions detected
| 0:01 | Queue | Villager (Male) |
| 0:01 | Queue | Villager (Male) |
| 0:01 | Queue | Villager (Male) |
| 0:02 | Queue | Villager (Male) |
| 0:04 | Build | House |
| 0:05 | Build | House |
| 1:25 | Queue | Villager (Male) |
| 1:46 | Queue | Villager (Male) |
| 2:19 | Queue | Villager (Male) |
| 2:19 | Queue | Villager (Male) |
| 2:49 | Queue | Villager (Male) |
| 2:49 | Queue | Villager (Male) |
| 3:04 | Build | Lumber Camp |
| 3:20 | Queue | Villager (Male) |
| 3:20 | Queue | Villager (Male) |
| 3:21 | Queue | Villager (Male) |
| 3:58 | Build | House |
| 4:02 | Queue | Villager (Male) |
| 4:02 | Queue | Villager (Male) |
| 4:24 | Queue | Villager (Male) |
| 4:25 | Queue | Villager (Male) |
| 5:10 | Build | Mill |
| 5:47 | Queue | Villager (Male) |
| 6:10 | Research | Loom |
| 6:11 | Research | Loom |
| 6:37 | Research | Feudal Age |
| 6:37 | Research | Feudal Age |
| 7:31 | Build | House |
| 8:16 | Build | Barracks |
| 8:30 | Queue | Villager (Male) |
| 8:51 | Age | Feudal Age |
| 8:53 | Queue | Villager (Male) |
| 9:06 | Queue | Villager (Male) |
| 9:11 | Build | Stable |
| 9:18 | Queue | Villager (Male) |
| 9:20 | Build | House |
| 9:23 | Queue | Villager (Male) |
| 9:35 | Build | Palisade Wall |
| 9:45 | Queue | Villager (Male) |
| 9:51 | Build | Palisade Wall |
| 9:55 | Research | Double-Bit Axe |
| 9:55 | Research | Double-Bit Axe |
| 9:58 | Research | Horse Collar |
| 9:59 | Research | Horse Collar |
| 10:02 | Queue | Villager (Male) |
| 10:05 | Queue | Villager (Male) |
| 10:10 | Queue | Scout Cavalry |
| 10:11 | Queue | Villager (Male) |
| 10:13 | Build | House |
| 10:24 | Queue | Villager (Male) |
| 10:26 | Build | Farm |
| 10:27 | Queue | Villager (Male) |
| 10:41 | Build | Farm |
| 10:42 | Build | Farm |
| 10:54 | Build | House |
| 10:55 | Build | Palisade Wall |
| 10:56 | Queue | Villager (Male) |
| 10:58 | Build | Farm |
| 11:00 | Build | Farm |
| 11:03 | Build | Farm |
| 11:15 | Queue | Villager (Male) |
| 11:17 | Build | Farm |
| 11:23 | Queue | Scout Cavalry |
| 11:27 | Build | Farm |
| 11:58 | Queue | Villager (Male) |
| 12:01 | Build | Farm |
| 12:10 | Queue | Scout Cavalry |
| 12:17 | Queue | Villager (Male) |
| 12:19 | Build | Farm |
| 12:30 | Queue | Villager (Male) |
| 12:36 | Queue | Scout Cavalry |
| 12:47 | Queue | Villager (Male) |
| 12:50 | Build | Farm |
| 12:52 | Queue | Villager (Male) |
| 12:55 | Build | Farm |
| 12:59 | Queue | Scout Cavalry |
| 12:59 | Queue | Scout Cavalry |
| 13:19 | Queue | Scout Cavalry |
| 13:23 | Build | Farm |
| 13:26 | Queue | Villager (Male) |
| 13:28 | Queue | Villager (Male) |
| 13:33 | Queue | Villager (Male) |
| 13:35 | Queue | Villager (Male) |
| 13:40 | Build | Palisade Wall |
| 13:45 | Queue | Villager (Male) |
| 13:55 | Build | Farm |
| 14:01 | Queue | Scout Cavalry |
| 14:11 | Queue | Villager (Male) |
| 14:18 | Queue | Villager (Male) |
| 14:26 | Build | Mining Camp |
| 14:28 | Queue | Villager (Male) |
| 14:33 | Build | Mining Camp |
| 14:36 | Queue | Villager (Male) |
| 14:42 | Queue | Villager (Male) |
| 15:00 | Queue | Villager (Male) |
| 15:06 | Queue | Scout Cavalry |
| 15:12 | Build | House |
| 15:17 | Research | Wheelbarrow |
| 15:18 | Research | Wheelbarrow |
| 15:32 | Queue | Villager (Male) |
| 15:37 | Queue | Scout Cavalry |
| 15:45 | Build | Farm |
| 16:11 | Queue | Villager (Male) |
| 16:13 | Build | Blacksmith |
| 16:26 | Queue | Villager (Male) |
| 16:30 | Queue | Villager (Male) |
| 16:32 | Build | Farm |
| 16:33 | Build | Farm |
| 16:34 | Build | Farm |
| 17:11 | Research | Scale Barding Armor |
| 17:11 | Research | Scale Barding Armor |
| 17:11 | Queue | Villager (Male) |
| 17:17 | Queue | Scout Cavalry |
| 17:17 | Queue | Villager (Male) |
| 17:18 | Build | Farm |
| 17:21 | Queue | Villager (Male) |
| 17:22 | Build | Farm |
| 17:26 | Build | House |
| 17:37 | Queue | Villager (Male) |
| 17:57 | Queue | Villager (Male) |
| 18:33 | Research | Castle Age |
| 18:33 | Research | Castle Age |
| 18:39 | Queue | Villager (Male) |
| 19:21 | Queue | Villager (Male) |
| 19:33 | Research | Forging |
| 19:33 | Queue | Villager (Male) |
| 19:33 | Queue | Villager (Male) |
| 19:51 | Queue | Villager (Male) |
| 19:56 | Build | Lumber Camp |
| 20:08 | Research | Bloodlines |
| 20:14 | Build | Stable |
| 20:16 | Build | Palisade Wall |
| 20:21 | Research | Gold Mining |
| 21:01 | Queue | Villager (Male) |
| 21:13 | Age | Castle Age |
| 21:16 | Queue | Knight |
| 21:16 | Queue | Knight |
| 21:26 | Research | Chain Barding Armor |
| 21:27 | Research | Chain Barding Armor |
| 21:27 | Research | Bow Saw |
| 21:28 | Queue | Villager (Male) |
| 21:59 | Build | Town Center |
| 22:09 | Build | Palisade Wall |
| 22:10 | Build | Palisade Wall |
| 22:19 | Research | Husbandry |
| 22:20 | Queue | Knight |
| 22:20 | Queue | Knight |
| 22:26 | Queue | Villager (Male) |
| 22:30 | Build | House |
| 22:33 | Queue | Knight |
Build order — 수상
First 150 of 349 actions detected
| 0:04 | Queue | Villager (Male) |
| 0:04 | Queue | Villager (Male) |
| 0:04 | Queue | Villager (Male) |
| 0:07 | Build | House |
| 0:09 | Build | House |
| 0:28 | Queue | Villager (Male) |
| 0:28 | Queue | Villager (Male) |
| 1:20 | Queue | Villager (Male) |
| 1:20 | Queue | Villager (Male) |
| 2:12 | Queue | Villager (Male) |
| 2:12 | Queue | Villager (Male) |
| 2:37 | Queue | Villager (Male) |
| 2:37 | Queue | Villager (Male) |
| 3:03 | Queue | Villager (Male) |
| 3:03 | Queue | Villager (Male) |
| 3:03 | Queue | Villager (Male) |
| 3:14 | Build | Lumber Camp |
| 3:32 | Queue | Villager (Male) |
| 3:33 | Queue | Villager (Male) |
| 3:44 | Build | Mill |
| 4:35 | Build | House |
| 4:37 | Research | Loom |
| 4:50 | Queue | Villager (Male) |
| 4:50 | Queue | Villager (Male) |
| 4:51 | Queue | Villager (Male) |
| 4:51 | Queue | Villager (Male) |
| 5:02 | Queue | Villager (Male) |
| 5:36 | Queue | Villager (Male) |
| 7:04 | Research | Feudal Age |
| 7:32 | Build | House |
| 8:24 | Build | Barracks |
| 8:54 | Queue | Villager (Male) |
| 8:54 | Queue | Villager (Male) |
| 9:20 | Age | Feudal Age |
| 9:26 | Build | Stable |
| 9:46 | Queue | Villager (Male) |
| 9:50 | Build | House |
| 10:10 | Build | Lumber Camp |
| 10:12 | Queue | Scout Cavalry |
| 10:13 | Queue | Scout Cavalry |
| 10:23 | Queue | Villager (Male) |
| 10:32 | Build | House |
| 10:59 | Build | Farm |
| 10:59 | Queue | Villager (Male) |
| 11:04 | Queue | Villager (Male) |
| 11:10 | Queue | Scout Cavalry |
| 11:16 | Build | Farm |
| 11:28 | Queue | Scout Cavalry |
| 11:28 | Queue | Scout Cavalry |
| 11:39 | Build | Farm |
| 11:56 | Queue | Scout Cavalry |
| 12:07 | Queue | Villager (Male) |
| 12:08 | Queue | Villager (Male) |
| 12:11 | Build | Farm |
| 12:17 | Queue | Scout Cavalry |
| 12:22 | Queue | Villager (Male) |
| 12:23 | Build | Farm |
| 12:31 | Queue | Villager (Male) |
| 12:33 | Build | House |
| 12:48 | Queue | Villager (Male) |
| 12:52 | Build | Blacksmith |
| 13:00 | Queue | Scout Cavalry |
| 13:05 | Build | Farm |
| 13:20 | Queue | Scout Cavalry |
| 13:24 | Build | Farm |
| 13:39 | Build | Farm |
| 13:42 | Build | Farm |
| 13:51 | Research | Scale Barding Armor |
| 13:51 | Research | Scale Barding Armor |
| 14:06 | Build | Farm |
| 14:11 | Build | House |
| 14:15 | Queue | Scout Cavalry |
| 14:18 | Build | Farm |
| 14:24 | Build | Farm |
| 14:28 | Build | Farm |
| 14:29 | Queue | Villager (Male) |
| 14:39 | Build | Farm |
| 14:46 | Queue | Villager (Male) |
| 14:59 | Build | Farm |
| 15:01 | Build | House |
| 15:08 | Build | Farm |
| 15:21 | Queue | Scout Cavalry |
| 15:33 | Queue | Villager (Male) |
| 15:35 | Build | Mining Camp |
| 15:44 | Build | Farm |
| 15:56 | Queue | Scout Cavalry |
| 16:01 | Queue | Villager (Male) |
| 16:24 | Queue | Scout Cavalry |
| 16:26 | Queue | Villager (Male) |
| 16:28 | Build | Farm |
| 16:30 | Build | House |
| 16:46 | Queue | Villager (Male) |
| 16:48 | Build | Market |
| 16:55 | Queue | Scout Cavalry |
| 17:19 | Build | Farm |
| 17:23 | Queue | Scout Cavalry |
| 17:27 | Build | House |
| 17:29 | Queue | Villager (Male) |
| 17:43 | Build | Lumber Camp |
| 17:48 | Queue | Scout Cavalry |
| 17:52 | Research | Forging |
| 18:09 | Build | Watch Tower |
| 18:15 | Build | House |
| 18:19 | Build | Palisade Gate |
| 19:13 | Queue | Scout Cavalry |
| 19:16 | Queue | Villager (Male) |
| 19:44 | Queue | Villager (Male) |
| 20:01 | Build | Farm |
| 20:31 | Research | Castle Age |
| 20:32 | Research | Castle Age |
| 20:41 | Build | Stable |
| 21:37 | Research | Double-Bit Axe |
| 21:38 | Research | Double-Bit Axe |
| 21:43 | Research | Horse Collar |
| 21:44 | Research | Horse Collar |
| 21:55 | Build | Farm |
| 23:10 | Queue | Villager (Male) |
| 23:11 | Age | Castle Age |
| 23:13 | Research | Bow Saw |
| 23:13 | Research | Heavy Plow |
| 23:13 | Research | Heavy Plow |
| 23:17 | Queue | Knight |
| 23:27 | Queue | Villager (Male) |
| 23:49 | Queue | Knight |
| 23:49 | Research | Bloodlines |
| 23:59 | Research | Chain Barding Armor |
| 23:59 | Research | Chain Barding Armor |
| 24:05 | Queue | Villager (Male) |
| 24:07 | Build | Farm |
| 24:21 | Queue | Knight |
| 24:36 | Queue | Knight |
| 24:38 | Build | Farm |
| 24:38 | Queue | Villager (Male) |
| 24:40 | Build | Farm |
| 24:46 | Queue | Villager (Male) |
| 25:06 | Queue | Knight |
| 25:12 | Queue | Villager (Male) |
| 25:14 | Build | Farm |
| 25:27 | Queue | Knight |
| 25:28 | Queue | Knight |
| 25:35 | Queue | Villager (Male) |
| 25:38 | Queue | Villager (Male) |
| 25:51 | Research | Gold Mining |
| 25:56 | Queue | Knight |
| 25:57 | Queue | Villager (Male) |
| 26:05 | Research | Husbandry |
| 26:12 | Queue | Villager (Male) |
| 26:16 | Build | Town Center |
| 26:36 | Queue | Knight |
| 26:56 | Queue | Villager (Male) |
Match timeline
| 3:41 | Nyanko · wall_segment Palisade Wall x1 |
| 3:43 | Nyanko · wall_segment Palisade Wall x1 |
| 3:44 | HR Fast_PIG · wall_segment Palisade Wall x1 |
| 3:44 | HR Fast_PIG · wall_segment Palisade Wall x2 |
| 3:45 | Nyanko · wall_segment Palisade Wall x1 |
| 3:47 | Nyanko · wall_segment Palisade Wall x1 |
| 4:22 | 挨打不还手 · wall_segment Palisade Wall x1 |
| 4:23 | 挨打不还手 · wall_segment Palisade Wall x1 |
| 4:28 | Nyanko · wall_segment Palisade Wall x1 |
| 4:36 | HR Fast_PIG · wall_segment Palisade Wall x2 |
| 4:58 | 挨打不还手 · wall_segment Palisade Wall x1 |
| 7:14 | HR Fast_PIG · first_building Barracks |
| 7:20 | kome · first_building Barracks |
| 7:23 | malth · first_building Barracks |
| 7:34 | Nyanko · first_building Barracks |
| 7:34 | Velky kanec · first_building Barracks |
| 7:59 | 挨打不还手 · first_building Barracks |
| 8:16 | blackhouse · first_building Barracks |
| 8:24 | 수상 · first_building Barracks |
| 8:30 | malth · wall_segment Palisade Wall x1 |
| 8:34 | Velky kanec · age_up feudal |
| 8:35 | malth · wall_segment Palisade Wall x4 |
| 8:35 | 挨打不还手 · age_up feudal |
| 8:36 | Velky kanec · first_building Stable |
| 8:37 | kome · age_up feudal |
| 8:37 | malth · wall_segment Palisade Wall x1 |
| 8:49 | kome · first_building Archery Range |
| 8:51 | blackhouse · age_up feudal |
| 8:55 | Nyanko · age_up feudal |
| 8:59 | malth · age_up feudal |
| 9:00 | Nyanko · first_building Archery Range |
| 9:02 | HR Fast_PIG · age_up feudal |
| 9:09 | malth · first_building Stable |
| 9:11 | 挨打不还手 · first_building Archery Range |
| 9:11 | blackhouse · first_building Stable |
| 9:16 | HR Fast_PIG · first_building Archery Range |
| 9:20 | 수상 · age_up feudal |
| 9:26 | 수상 · first_building Stable |
| 9:35 | blackhouse · wall_segment Palisade Wall x4 |
| 9:46 | malth · wall_segment Palisade Wall x4 |
| 9:49 | malth · wall_segment Palisade Wall x8 |
| 9:51 | blackhouse · wall_segment Palisade Wall x1 |
| 9:52 | 挨打不还手 · wall_segment Palisade Wall x1 |
| 9:54 | 挨打不还手 · wall_segment Palisade Wall x3 |
| 9:55 | 挨打不还手 · wall_segment Palisade Wall x1 |
| 10:06 | kome · wall_segment Palisade Wall x1 |
| 10:12 | Nyanko · wall_segment Palisade Wall x1 |
| 10:31 | Nyanko · wall_segment Palisade Wall x1 |
| 10:32 | Nyanko · wall_segment Palisade Wall x4 |
| 10:33 | Nyanko · wall_segment Palisade Wall x8 |
| 10:39 | kome · wall_segment Palisade Wall x2 |
| 10:43 | kome · wall_segment Palisade Wall x4 |
| 10:47 | 挨打不还手 · wall_segment Palisade Wall x1 |
| 10:49 | 挨打不还手 · wall_segment Palisade Wall x13 |
| 10:55 | blackhouse · wall_segment Palisade Wall x10 |
| 11:38 | malth · wall_segment Palisade Wall x1 |
| 11:57 | malth · wall_segment Palisade Wall x1 |
| 11:58 | malth · wall_segment Palisade Wall x1 |
| 12:00 | malth · wall_segment Palisade Wall x1 |
| 13:40 | blackhouse · wall_segment Palisade Wall x1 |
| 13:43 | 挨打不还手 · wall_segment Palisade Wall x1 |
| 14:25 | Nyanko · wall_segment Palisade Wall x2 |
| 14:32 | HR Fast_PIG · wall_segment Palisade Wall x1 |
| 14:36 | malth · wall_segment Palisade Wall x1 |
| 14:57 | kome · wall_segment Palisade Wall x1 |
| 15:02 | malth · wall_segment Palisade Wall x6 |
| 15:03 | kome · wall_segment Palisade Wall x1 |
| 15:03 | malth · wall_segment Palisade Wall x3 |
| 15:06 | kome · wall_segment Palisade Wall x9 |
| 15:36 | Velky kanec · wall_segment Palisade Wall x6 |
| 15:40 | kome · wall_segment Palisade Wall x1 |
| 18:51 | Velky kanec · first_market_buy 100 food |
| 18:51 | Velky kanec · first_market_sell 100 wood |
| 19:04 | kome · wall_segment Palisade Wall x1 |
| 19:20 | 수상 · first_market_sell 500 wood |
| 19:21 | 수상 · first_market_buy 100 food |
| 19:24 | kome · wall_segment Palisade Wall x1 |
| 19:28 | kome · wall_segment Palisade Wall x1 |
| 19:29 | kome · wall_segment Palisade Wall x1 |
| 19:31 | kome · wall_segment Palisade Wall x1 |
| 19:33 | kome · wall_segment Palisade Wall x1 |
| 20:08 | 挨打不还手 · wall_segment Palisade Wall x4 |
| 20:09 | kome · wall_segment Palisade Wall x1 |
| 20:09 | 挨打不还手 · wall_segment Palisade Wall x10 |
| 20:16 | blackhouse · wall_segment Palisade Wall x1 |
| 21:13 | blackhouse · age_up castle |
| 21:24 | 挨打不还手 · first_market_buy 100 food |
| 21:24 | 挨打不还手 · first_market_sell 100 wood |
| 21:40 | Velky kanec · wall_segment Palisade Wall x1 |
| 22:06 | Nyanko · wall_segment Palisade Wall x1 |
| 22:09 | blackhouse · wall_segment Palisade Wall x1 |
| 22:10 | blackhouse · wall_segment Palisade Wall x1 |
| 22:11 | Nyanko · age_up castle |
| 22:17 | Velky kanec · age_up castle |
| 23:11 | 수상 · age_up castle |
| 23:15 | kome · first_market_buy 100 wood |
| 23:43 | malth · wall_segment Palisade Wall x4 |
| 23:46 | malth · age_up castle |
| 23:47 | kome · wall_segment Palisade Wall x1 |
| 23:52 | blackhouse · first_building Monastery |
| 23:55 | 挨打不还手 · age_up castle |
| 24:01 | HR Fast_PIG · age_up castle |
| 24:04 | kome · wall_segment Palisade Wall x1 |
| 24:30 | kome · age_up castle |
| 30:15 | Velky kanec · first_building Monastery |
| 30:40 | HR Fast_PIG · first_building Monastery |
| 31:32 | 수상 · first_building Monastery |
| 32:17 | kome · first_market_sell 100 stone |
| 33:06 | Nyanko · first_market_sell 100 wood |
| 34:07 | 수상 · first_building Siege Workshop |
| 34:19 | Nyanko · first_building Castle |
| 34:28 | blackhouse · first_building Castle |
| 34:52 | Nyanko · first_building Monastery |
| 37:03 | HR Fast_PIG · age_up imperial |
| 37:40 | malth · first_building Monastery |
| 38:13 | Velky kanec · first_building Castle |
| 38:16 | HR Fast_PIG · first_market_buy 500 stone |
| 38:18 | HR Fast_PIG · first_market_sell 500 wood |
| 38:25 | HR Fast_PIG · first_building Castle |
| 38:28 | malth · first_building Castle |
| 38:40 | malth · first_market_sell 100 food |
| 39:14 | Nyanko · age_up imperial |
| 39:39 | malth · first_building Siege Workshop |
| 40:32 | blackhouse · age_up imperial |
| 40:55 | HR Fast_PIG · first_building Siege Workshop |
| 41:20 | 挨打不还手 · first_building Castle |
| 41:35 | kome · wall_segment Palisade Wall x4 |
| 41:51 | blackhouse · wall_segment Stone Wall x1 |
| 41:51 | malth · age_up imperial |
| 42:01 | Velky kanec · wall_segment Stone Wall x1 |
| 42:03 | Velky kanec · wall_segment Stone Wall x4 |
| 42:05 | Velky kanec · wall_segment Stone Wall x1 |
| 42:06 | Velky kanec · wall_segment Stone Wall x1 |
| 42:16 | 挨打不还手 · resign |
[ AI ANALYSIS · 1 CREDIT ]
What really happened in this match?
Wolo.gg analyzes every decision: build order, eco, micro, common mistakes by bracket. Personalized analysis on WhatsApp or Discord in 30 seconds.
Civ guide
Koreans
Perfil
Jugador #24876726